 Dungeon Crawl Stone Soup version 0.18-a0-1078-gebb93d0 (webtiles) character file.

5144 4thArraOfDagon the Twirler (level 10, -3/81 HPs)
             Began as a Centaur Air Elementalist on Jan 14, 2016.
             Was a Believer of Yredelemnul.
             Slain by a centaur warrior (8 damage)
             ... on level 12 of the Dungeon.
             The game lasted 00:50:34 (5585 turns).

4thArraOfDagon the Twirler (CeAE)                   Turns: 5585, Time: 00:50:34

Health: -3/81      AC:  7    Str: 11    XL:     10   Next: 33%
Magic:  3/14       EV: 14    Int: 16    God:    Yredelemnul [**....]
Gold:   102        SH:  0    Dex: 11    Spells: 5 memorised, 4 levels left

rFire  . . .     SeeInvis .     C - +0 lajatang
rCold  + . .     Gourm    .     a - +0 robe
rNeg   . . .     Faith    .     (shield currently unavailable)
rPois  .         Spirit   .     P - +2 helmet
rElec  .         Dismiss  .     (no cloak)
rCorr  .         Reflect  .     (no gloves)
SustAt .         Harm     .     (no barding)
MR     .....                    g - amulet of regeneration
Stlth  +.........               u - ring of protection from cold
                                G - +3 ring of evasion

@: lethally poisoned (-3 -> -3), very slightly contaminated, repel missiles,
very quick, not resistant to hostile enchantments, very unstealthy
A: hooves 3, deformed body, speed 2, tough skin 3
a: Animate Remains, Recall Undead Slaves, Injury Mirror, Renounce Religion


You were on level 12 of the Dungeon.
You worshipped Yredelemnul.
Yredelemnul was pleased with you.
You were not hungry.

You visited 1 branch of the dungeon, and saw 13 of its levels.

You collected 334 gold pieces.
You spent 232 gold pieces at shops.

Inventory:

Hand Weapons
 f - a +1 dagger of venom
 C - a +0 lajatang (weapon)
 S - a +0 blowgun
Missiles
 m - 6 tomahawks (quivered)
 w - 3 curare-tipped needles
 H - a throwing net
Armour
 a - a +0 robe (worn)
 v - a +3 scale mail
 x - a cursed +0 robe
 I - a +0 cloak
 J - a cursed +0 robe
 O - a +1 ring mail of cold resistance
 P - a +2 helmet (worn)
Jewellery
 e - the amulet "Zalimuho" {Harm *Drain rC+ MR- Dex+4}
   (You found it on level 7 of the Dungeon)

   [amulet of harm]

   It increases damage dealt and taken.
   It affects your dexterity (+4).
   It protects you from cold.
   It affects your resistance to hostile enchantments.
 g - an amulet of regeneration (around neck)
 l - an uncursed ring of protection from fire
 s - an uncursed ring of resist corrosion
 u - a ring of protection from cold (right hand)
 A - an uncursed ring of fire
 G - a +3 ring of evasion (left hand)
Wands
 n - a wand of fire (0/15)
 y - a wand of random effects (0/48)
 E - a wand of draining (0/15)
 R - a wand of slowing (7/48)
Scrolls
 k - 2 scrolls of blinking
 B - 2 scrolls of teleportation
 D - 4 scrolls of enchant armour
 M - a scroll of enchant weapon
 Q - a scroll of noise
Potions
 d - a potion of resistance {unknown}
 h - a potion of heal wounds {unknown}
 i - a potion of curing
 j - a potion of cure mutation {unknown}
 q - a potion of lignification {unknown}
 r - a potion of cancellation
 t - 2 potions of flight
 F - 3 potions of haste
 L - a potion of brilliance {unknown}
Books
 b - a book of Air

   Spells                             Type                      Level
   a - Shock                          Conjuration/Air              1
   b - Swiftness                      Charms/Air                   2
   c - Repel Missiles                 Charms/Air                   2
   d - Static Discharge               Conjuration/Air              3
   e - Lightning Bolt                 Conjuration/Air              5
 z - a book of Necromancy

   Spells                             Type                      Level
   a - Pain                           Necromancy                   1
   b - Animate Skeleton               Necromancy                   1
   c - Vampiric Draining              Necromancy                   3
   d - Regeneration                   Charms/Necromancy            3
   e - Animate Dead                   Necromancy                   4
   f - Control Undead                 Necromancy                   4
 K - a book of Clouds

   Spells                             Type                      Level
   a - Mephitic Cloud                 Conjuration/Poison/Air       3
   b - Conjure Flame                  Conjuration/Fire             3
   c - Poisonous Cloud                Conjuration/Poison/Air       6
   d - Freezing Cloud                 Conjuration/Ice/Air          6
   e - Ring of Flames                 Charms/Fire                  7
 N - a book of Power

   Spells                             Type                      Level
   a - Fulminant Prism                Conjuration/Hexes            4
   b - Iskenderun's Mystic Blast      Conjuration                  4
   c - Venom Bolt                     Conjuration/Poison           5
   d - Bolt of Magma                  Conjuration/Fire/Earth       5
   e - Iron Shot                      Conjuration/Earth            6
   f - Orb of Destruction             Conjuration                  7
   g - Spellforged Servitor           Conjuration/Summoning        7
Miscellaneous
 o - a plain deck of escape {drawn: 2}
Comestibles
 c - 5 bread rations
 p - 4 meat rations
 T - a royal jelly
 U - 2 chunks of flesh


   Skills:
 + Level 5.0 Fighting
 * Level 7.6 Staves
 + Level 3.9 Dodging
 - Level 1.2 Stealth
 - Level 3.1 Spellcasting
 - Level 4.2 Conjurations
 - Level 2.7 Charms
 - Level 3.1 Necromancy
 - Level 5.0 Air Magic
 + Level 6.2 Invocations


You had 4 spell levels left.
You knew the following spells:

 Your Spells              Type           Power        Failure   Level  Hunger
a - Shock                 Conj/Air       ###.         3%          1    None
b - Repel Missiles        Chrm/Air       ##....       8%          2    ##.....
c - Swiftness             Chrm/Air       ##......     8%          2    ##.....
d - Static Discharge      Conj/Air       ###.....     12%         3    ###....
e - Regeneration          Chrm/Necr      ##........   17%         3    ###....


Dungeon Overview and Level Annotations

Branches:
Dungeon (13/15)              Lair (0/8) D:8
 Temple: D:4-7          Orc: D:9-12      Vaults: D:13-14

Altars:
Ashenzari
Dithmenos
Elyvilon
Gozag
Nemelex Xobeh
Okawaru
Pakellas
Qazlal
Ru
Sif Muna
Xom
Yredelemnul

Shops:
D:8 ?

Annotations:
D:5 PinkishYellow's ghost, novice DrMo
D:8 nublet's ghost, novice DDFi
D:9 AbsoluteTabman's ghost, novice SpAs
D:10 Joseph


Innate Abilities, Weirdness & Mutations

You have hooves in place of feet.
Armour fits poorly on your strangely shaped body.
You cover ground very quickly.
You have extremely tough skin (AC +3).


Message History

Aiming: Shock
Press: ? - help, Shift-Dir - straight line The zap hits the centaur warrior.
The centaur warrior appears unharmed.
The centaur warrior is almost dead.
The zap misses the troll.
You feel sick. The centaur warrior hits you!
* * * LOW HITPOINT WARNING * * *
The centaur warrior hits you.
* * * LOW HITPOINT WARNING * * *
Unknown command.
Unknown command.
Evoke which item? (* to show all) (? for menu, Esc to quit)
Zapping:
n - a wand of fire (1/15)
Press: ? - help, Shift-Dir - straight line, f - centaur warrior
Aim: a centaur warrior (almost dead)
The bolt of fire misses the centaur warrior.
The bolt of fire hits the troll.
The troll is moderately wounded.
This wand has 0 charges left.
The centaur warrior hits you!
You die...
Your body rises from the dead as a mindless zombie.

....#### ##..#<.# ....#
#>.#(.# .#### #..#..##
** .# #))#...# **, .#
#......# *,, .#
##.###.#***********,, .#
#(# *...,,,,,,,,,,,, ,*
#)#############*,*,* ,*
#Tc@..........#*,*,, ,*
#######.....#.#*,*** **
#.....####.#*,,,,
#.#........#*****
*********** #....#####.#
,,,,,,,,,,******###....#
###
****,**,,,,,,,,,,,####.#
*,**,*********,* *.#
*,**,* *,* *,#


You could see a centaur warrior and a troll.

Vanquished Creatures
  A centaur warrior (D:12)
  A hill giant (D:12)
  A cyclops (D:12)
  A yaktaur (D:12)
  A mottled dragon (D:12)
  A wyvern (D:8)
  3 hippogriffs
  An orc warrior (D:8)
  2 black bears
  An ice beast (D:13)
  2 ogres
  A phantom (D:6)
  A crocodile (D:10)
  A centaur (D:8)
  3 giant frogs
  A wyvern skeleton (D:13)
  A killer bee (D:12)
  2 scorpions
  3 wights (D:12)
  A crimson imp (D:8)
  A giant frog zombie (D:12)
  2 giant frog skeletons
  2 hounds
  5 jellies
  2 orc wizards
  5 worker ants
  A hound zombie (D:6)
  A worker ant zombie (D:10)
  6 gnolls
  6 adders
  A shadow imp (D:6)
  2 adder zombies
  5 adder skeletons
  A worm (D:3)
  7 giant geckos
  15 orcs
  2 ball pythons
  2 giant cockroaches
  6 goblins
  A hobgoblin (D:2)
  6 jackals
  6 quokkas
  2 bats (D:1)
  A giant gecko zombie (D:6)
  8 giant newts
  A jackal skeleton (D:4)
  3 kobolds
  4 rats
133 creatures vanquished.

Vanquished Creatures (collateral kills)
  2 hill giants (D:12)
  A slime creature (D:12)
  A mottled dragon (D:12)
  A killer bee (D:12)
  A worker ant (D:12)
6 creatures vanquished.

Vanquished Creatures (others)
  2 hill giant zombies (D:12)
  A mottled dragon zombie (D:12)
3 creatures vanquished.

Grand Total: 142 creatures vanquished

Notes
Turn   | Place    | Note
--------------------------------------------------------------
     0 | D:1      | 4thArraOfDagon the Centaur Air Elementalist began the quest for the Orb.
     0 | D:1      | Reached XP level 1. HP: 14/14 MP: 3/3
     9 | D:1      | Reached skill level 1 in Conjurations
    11 | D:1      | BLOAX: it's pretty good for a background track though
    11 | D:1      | 4thArraOfDagon: yea
    11 | D:1      | 4thArraOfDagon: amazing atmosphere imo
    11 | D:1      | BLOAX: I imagine it would be pretty shit to listen to if you do nothing else while listening to it.
    11 | D:1      | 4thArraOfDagon: haha
    11 | D:1      | BLOAX: since it is repetitive
    11 | D:1      | BLOAX: and it drags on and on and on
    11 | D:1      | 4thArraOfDagon: or at least you are not into rpg or gaming at all
    11 | D:1      | BLOAX: fortunately that's what a videogame soundtrack does
    11 | D:1      | 4thArraOfDagon: yep
    11 | D:1      | 4thArraOfDagon: https://www.youtube.com/watch?v=eZ0EeNcHc7s
    11 | D:1      | BLOAX: so if you don't mind it not being kvlt envff then it's a pretty cool thing to blast in a gayman session
    11 | D:1      | 4thArraOfDagon: is also nice but something more generic
    11 | D:1      | 4thArraOfDagon: :)
   151 | D:2      | 4thArraOfDagon: i still think gallowbraid is better
   158 | D:2      | Reached XP level 2. HP: 7/20 MP: 1/4
   160 | D:2      | 4thArraOfDagon: refrsh
   163 | D:2      | Learned a level 2 spell: Repel Missiles
   231 | D:2      | Reached skill level 3 in Air Magic
   260 | D:2      | Found a basalt altar of Yredelemnul.
   261 | D:2      | Found a stormy altar of Qazlal.
   269 | D:2      | Found a sacrificial altar of Ru.
   275 | D:2      | Became a worshipper of Yredelemnul the Dark
   434 | D:2      | Found a shattered altar of Ashenzari.
   438 | D:2      | Saw a vision of the Shoals and the Snake Pit.
   438 | D:2      | Noticed a black mamba
   438 | D:2      | Noticed a siren
   438 | D:2      | Noticed a merfolk
   439 | D:2      | Noticed a centaur
   440 | D:2      | Noticed a siren
   441 | D:2      | Noticed a merfolk
   441 | D:2      | Noticed a naga ritualist
   455 | D:2      | hi folks
   498 | D:3      | Found a sparkling altar of Nemelex Xobeh.
   542 | D:3      | Reached XP level 3. HP: 15/26 MP: 1/5
  1124 | D:4      | ine dream
  1132 | D:4      | Noticed a scorpion
  1143 | D:4      | Killed a scorpion
  1143 | D:4      | Reached XP level 4. HP: 33/33 MP: 1/6
  1175 | D:4      | Reached * piety under Yredelemnul
  1242 | D:5      | Entered Level 5 of the Dungeon
  1260 | D:5      | BLOAX: i like reading reviews and stumbling upon bits like this
  1262 | D:5      | Reached skill level 4 in Air Magic
  1262 | D:5      | Reached XP level 5. HP: 36/38 MP: 6/8
  1275 | D:5      | BLOAX: "Although Gallowbraid’s take on Agalloch’s style is much darker than what we’ve come to expect of them in recent years"
  1275 | D:5      | 4thArraOfDagon: yea that inspires for more discovery
  1275 | D:5      | BLOAX: since that's a good way to find more stuff
  1275 | D:5      | 4thArraOfDagon: exactly
  1275 | D:5      | BLOAX: https://www.youtube.com/watch?v=J4egEVN0TJo
  1275 | D:5      | BLOAX: now to see what this shit is
  1275 | D:5      | 4thArraOfDagon: lets stay a while at Agalloch's regions
  1290 | D:5      | Noticed PinkishYellow's ghost (novice DrMo)
  1327 | D:6      | Learned a level 2 spell: Swiftness
  1414 | D:6      | 4thArraOfDagon: haha
  1414 | D:6      | 4thArraOfDagon: mid 3 minute
  1528 | D:6      | Reached XP level 6. HP: 39/45 MP: 1/9
  1533 | D:6      | Learned a level 3 spell: Static Discharge
  1638 | D:6      | Reached skill level 5 in Air Magic
  1825 | D:8      | BLOAX: apparently this isn't such an exciting release by them
  1846 | D:8      | Reached skill level 1 in Charms
  1856 | D:7      | 4thArraOfDagon: its ok
  1856 | D:7      | 4thArraOfDagon: but yeah at most ok
  1884 | D:7      | 4thArraOfDagon: now we can guess which agalloch's record author had in mind
  1897 | D:7      | BLOAX: https://www.youtube.com/watch?v=cwWu1gLyj5g
  1897 | D:7      | BLOAX: probably an earlier one
  1897 | D:7      | BLOAX: i wonder how this first one is
  1897 | D:7      | BLOAX: (probably less filler-heavy!!)
  1898 | D:7      | Found a shimmering altar of Xom.
  1927 | D:7      | 4thArraOfDagon: the beggining wind's howl sounds promising
  1927 | D:7      | 4thArraOfDagon: lets hope they won't fuck this up later on
  1945 | D:7      | 4thArraOfDagon: lets wait 4 milion years for the guitars
  1972 | D:7      | BLOAX: only two minutes
  2013 | D:7      | Got a pitted ivory amulet
  2015 | D:7      | Identified the amulet "Zalimuho" {Harm *Drain rC+ MR- Dex+4} (You found it on level 7 of the Dungeon)
  2016 | D:7      | BLOAX: dealt and taken?
  2016 | D:7      | BLOAX: let's se..
  2016 | D:7      | 4thArraOfDagon: haha
  2081 | D:8      | Found a shadowy altar of Dithmenos.
  2082 | D:8      | Noticed a wyvern
  2246 | D:6      | BLOAX: This unholy amulet contains a vicious spirit that increases damage dealt to and by its wearer by one fourth.
  2252 | D:6      | Reached skill level 1 in Invocations
  2252 | D:6      | Reached XP level 7. HP: 18/50 MP: 1/10
  2272 | D:6      | BLOAX: sounds like a good cheimuter amulet :v
  2293 | D:6      | Reached skill level 1 in Staves
  2444 | D:5      | Found an opulent altar of Gozag.
  2564 | D:5      | 4thArraOfDagon: idk
  2564 | D:5      | 4thArraOfDagon: to me it sounds bad in every situation
  2667 | D:7      | Learned a level 3 spell: Regeneration
  2688 | D:8      | BLOAX: sounds good on a super-ev medium-damage character
  2782 | D:8      | Reached skill level 1 in Necromancy
  2862 | D:8      | Killed a wyvern
  2862 | D:8      | Reached XP level 8. HP: 27/57 MP: 5/12
  2886 | D:8      | Noticed nublet's ghost (novice DDFi)
  2920 | D:9      | Found a deep blue altar of Sif Muna.
  2966 | D:9      | Found an iron altar of Okawaru.
  3008 | D:9      | Noticed AbsoluteTabman's ghost (novice SpAs)
  3067 | D:8      | 4thArraOfDagon: so dd ghost still regenerate
  3191 | D:8      | Found Icamuun's Magic Scroll Boutique.
  3198 | D:8      | Bought a scroll of enchant weapon for 112 gold pieces
  3198 | D:8      | Bought a scroll of identify for 30 gold pieces
  3198 | D:8      | Bought a scroll of teleportation for 45 gold pieces
  3198 | D:8      | Bought a scroll of teleportation for 45 gold pieces
  3390 | D:8      | Reached ** piety under Yredelemnul
  3481 | D:8      | Found an oddly glowing altar of Pakellas.
  3555 | D:8      | Found a white marble altar of Elyvilon.
  3670 | D:8      | Found a staircase to the Lair.
  3693 | D:8      | Reached skill level 1 in Fighting
  4140 | D:10     | Entered Level 10 of the Dungeon
  4364 | D:10     | Noticed Joseph
  4388 | D:11     | Noticed a hill giant
  4454 | D:12     | Reached skill level 5 in Staves
  4454 | D:12     | Reached XP level 9. HP: 62/67 MP: 11/13
  4517 | D:11     | BLOAX: wow
  4539 | D:11     | BLOAX: it took this album 8:30 minutes to not be a snoozefest
  4574 | D:12     | Noticed a six-headed hydra
  4575 | D:12     | Noticed a centaur warrior
  4577 | D:12     | BLOAX: that's like a couple of songs off an old nwobhm album
  4859 | D:13     | wasting
  4983 | D:13     | Noticed a hill giant
  5068 | D:12     | Noticed a centaur warrior
  5095 | D:12     | Killed a centaur warrior
  5095 | D:12     | Reached skill level 6 in Staves
  5107 | D:12     | Noticed a cyclops
  5164 | D:12     | Killed a cyclops
  5164 | D:12     | Reached skill level 5 in Invocations
  5207 | D:12     | Noticed a hill giant
  5230 | D:12     | Killed a hill giant
  5261 | D:12     | Reached XP level 10. HP: 57/79 MP: 11/14
  5295 | D:12     | Noticed a hill giant
  5316 | D:12     | Killed a hill giant
  5316 | D:12     | Reached skill level 7 in Staves
  5535 | D:12     | Noticed a hill giant
  5546 | D:12     | Killed a hill giant
  5576 | D:12     | Reached skill level 5 in Fighting
  5580 | D:12     | BLOAX: man i want to hear the rest of the album but at the same time i really want to just kill it
  5584 | D:12     | HP: 4/81 [centaur warrior (3)]
  5585 | D:12     | Slain by a centaur warrior

Vault maps used:
D:1:      dpeg_arrival_tiny_a
D:2:      tso_oasis_becter, grunt_temple_overflow_open,
          grunt_ashenzari_visionary
D:3:      st_stairs_14, hex_intersection, nemelex_deck
D:5:      lemuel_round_altar, lemuel_doored_altar,
          minmay_temple_entry_purple_smoke, first_bread
D:6:      nrook_mini_vaults, grunt_ministairs_4
D:7:      xom_teletrap_fun, grunt_ogre_cave
D:8:      old_standard_altar, grunt_pakellas_salt, lair_0_dummy, serial_shops,
          shop, basic_altar, st_stairs_10
D:9:      kennysheep_big_flooded_room, okawaru_humans,
          nicolae_overflow_hidden_temple, lemuel_round_altar, orc_0_dummy
D:10:     uniq_joseph
D:11:     serial_bayou, serial_bayou_ford_a, serial_bayou_shore_a,
          serial_bayou_lagoon_a, serial_bayou_shore_b, uniq_josephine,
          uniq_psyche
D:12:     minmay_dotted_concentric_squares
D:13:     serial_shops, kennysheep_mini_moat

Action                   |  1- 3 |  4- 6 |  7- 9 | 10-12 || total
-------------------------+-------+-------+-------+-------++-------
Melee: Unarmed           |    17 |       |       |       ||    17
       Whip              |    15 |       |       |       ||    15
       Mace              |     4 |    65 |       |       ||    69
       Flail             |     4 |       |       |       ||     4
       Lajatang          |       |     7 |   216 |    17 ||   240
       Dagger            |       |       |     3 |       ||     3
 Fire: Blowgun           |       |       |     3 |       ||     3
 Cast: Shock             |    39 |    51 |   108 |    20 ||   218
       Repel Missiles    |     2 |       |     2 |     1 ||     5
       Static Discharge  |       |       |     8 |       ||     8
       Regeneration      |       |       |     1 |       ||     1
Invok: Animate Remains   |       |       |     2 |     2 ||     4
Evoke: Deck              |     2 |       |       |       ||     2
       Wand              |       |     1 |    11 |     5 ||    17
  Use: Scroll            |     7 |     3 |     7 |       ||    17
       Potion            |       |       |     1 |       ||     1
  Eat: Fruit             |     3 |       |       |       ||     3
       Chunk             |     1 |     2 |    10 |     1 ||    14
       Pizza             |       |       |     2 |       ||     2
       Beef jerky        |       |       |     1 |       ||     1
